← All builds
Tech / Armada / Economy first / OBSERVED BUILD

Standard tech

Armada Tech (Eco) build order · Supreme Isthmus

Rushes T2 by 4:15, gets Advanced Metal Extractor around 5:28, hands off T2 constructors to Geo and the team, then scales eco and supplies the team's T2 needs through the rest of the game.

Usually first T2 con to Geo (83%)

#eco #t2 #team support · 1574 distinct matches · 255 players · 58% of Armada Tech games · team won 53% of 1868 · Recently observed

HOW TO PLAY IT

Key timing: T2 factory by 4:15

  1. Open 3 mex and heavy wind to fund a fast T2 rush.
  2. Put down Bot Lab, planning to eat it for reclaim soon after.
  3. Get Advanced Bot Lab up, hitting the T2 factory rush timing.
  4. Upgrade mex to Advanced Metal Extractor to lock in team metal income.
  5. Eat Advanced Bot Lab and keep sending cons to Geo and Pond.

Phase by phase

TYPICAL OF ITS 1574 GAMES
  1. 1
  2. 2
  3. 3
  4. 4
PLAY THE OPENING

Follow the example game's first 6:00 step by step: what to build now, what comes next, and where it goes. At 1× it keeps pace with your own game.

  1. 1

    Up to the Bot Lab

    Economy
    • Metal Extractor3Mex
    • Wind Turbine4Wind
    Order
    1. Bot LabBot Lab after 3 mex, 4 winddone ~1:18, middle half 1:13–1:32

    Some games also: energy storage (31%)

    By 1:01 in all: 3 mex · 4 wind

    The example game in this phase · 3 steps
    1. Mex ×3
    2. Wind ×4
    3. Bot LabBot Labdone 1:18 · typical 1:18
  2. 2

    Bot Lab to Advanced Bot Lab

    Economy
    • Metal Extractor1Mex
    • Wind Turbine8Wind
    • Energy Storage1Energy storage
    Order
    1. Advanced Bot LabAdvanced Bot Lab after 4 mex, 12 wind, 3 con turretdone ~4:16, middle half 4:04–4:30
    Builders
    • Construction Turret3 Con turret
    • Lazarus3 Lazarus
    • Construction Bot2 Con bot
    • Construction Bot1 Con bot for allies

    Some games also: converter (36%)

    By 3:18 in all: 4 mex · 12 wind · 1 energy storage · 3 con turret

    The example game in this phase · 14 steps
    1. Construction BotCon bot
    2. Energy storage
    3. Wind ×2
    4. LazarusLazarus
    5. Wind ×3
    6. Construction BotCon bot
    7. Mex
    8. Wind ×3
    9. Construction BotCon botfor Air
    10. Con turret
    11. Wind
    12. Con turret
    13. Wind ×2
    14. Advanced Bot LabAdvanced Bot Labdone 4:12 · typical 4:16
  3. 3

    Advanced Bot Lab to 5:00

    Economy
    • Wind Turbine3Wind
    Order
    1. Bot LabEat Bot Lab
    Builders
    • Advanced Construction Bot1 T2 con bot for allies

    Some games also: converter (35%)

    By 5:00 in all: 4 mex · 15 wind · 1 converter · 1 energy storage · 3 con turret

    The example game in this phase · 6 steps
    1. Bot LabEat Bot Labreclaimed for its metal
    2. Wind ×3
    3. Advanced Construction BotT2 con botfor Geo
    4. Wind ×2
    5. Advanced Metal ExtractorT2 mexdone 5:13 · typical 5:29
    6. Wind ×2
  4. 4

    5:00 to 10:00

    Economy
    • Wind Turbine43Wind
    • Energy Converter6Converter
    Builders
    • Butler9 Butler
    • Advanced Construction Bot4 T2 con bot for allies
    • Advanced Construction Bot1 T2 con bot

    Some games also: con turret (43%) · Butler for allies (37%)

    By 10:00 in all: 4 mex · 58 wind · 8 converter · 1 energy storage · 3 con turret

    The example game in this phase · 146 steps
    1. Wind ×2
    2. Advanced Construction BotT2 con botfor Air
    3. Wind ×2
    4. Advanced Metal ExtractorT2 mex
    5. Wind ×2
    6. Advanced Construction BotT2 con botfor Geo sea
    7. Wind
    8. Con turret
    9. Wind
    10. Advanced Metal ExtractorT2 mex
    11. Wind
    12. Advanced Construction BotT2 con botfor Pond
    13. Wind
    14. ButlerButler
    15. Wind
    16. ButlerButler
    17. Wind
    18. Advanced Metal ExtractorT2 mex
    19. ButlerButler
    20. Wind ×4
    21. ButlerButler
    22. Wind ×2
    23. ButlerButler
    24. Wind ×2
    25. ButlerButler
    26. Wind ×3
    27. Converter
    28. Wind
    29. ButlerButler
    30. Wind ×4
    31. Converter
    32. Wind
    33. ButlerButler
    34. Wind ×4
    35. Converter
    36. Wind
    37. ButlerButler
    38. Wind ×2
    39. Converter
    40. Wind
    41. ButlerButler
    42. Wind ×7
    43. Converter
    44. Wind ×2
    45. Advanced Construction BotT2 con botfor Beach sea
    46. Wind ×7
    47. Converter ×2
    48. Wind
    49. Converter
    50. Wind ×4
    51. Con turret
    52. Wind
    53. Converter
    54. Wind
    55. Advanced Construction BotT2 con bot
    56. Wind ×3
    57. Converter
    58. Wind ×6
    59. Converter
    60. Wind ×8
    61. Converter ×2
    62. Wind
    63. CitadelAnti-nukedone 12:34
    64. Wind
    65. Converter
    66. Wind ×2
    67. Metal storage
    68. Wind ×3
    69. Converter
    70. ButlerButler
    71. Wind ×3
    72. ButlerButler
    73. Wind
    74. Converter
    75. Wind
    76. Con turret
    77. Wind ×3
    78. Converter
    79. Wind ×2
    80. ButlerButler
    81. Wind ×3
    82. ButlerButler
    83. Wind ×2
    84. Con turret
    85. Wind ×2
    86. Converter ×4
    87. Wind ×3
    88. Con turret
    89. Wind ×4
    90. Converter
    91. Wind
    92. Converter
    93. Wind
    94. Converter
    95. Wind ×14
    96. Converter
    97. Wind ×3
    98. Advanced Bot LabEat Advanced Bot Labreclaimed for its metal
    99. Wind ×6
    100. Converter ×4
    101. Wind ×5
    102. T2 converter
    103. Wind ×2
    104. Converter
    105. Wind
    106. Converter
    107. Wind
    108. Converter
    109. Wind ×13
    110. Con turret
    111. Wind ×2
    112. Converter
    113. Wind ×2
    114. Con turret ×2
    115. Wind ×5
    116. Con turret
    117. Wind
    118. Converter ×2
    119. Con turret
    120. Advanced Fusion ReactorAdvanced Fusion Reactornot finished by 15:00
    121. Converter ×2
    122. Wind ×7
    123. Converter ×2
    124. Wind ×2
    125. Converter
    126. Wind ×14
    127. Converter
    128. Wind ×3
    129. T2 converter
    130. Wind ×10
    131. Converter
    132. Wind ×7
    133. Converter
    134. Wind
    135. Converter ×2
    136. Wind ×4
    137. Converter
    138. Wind ×5
    139. Converter
    140. Wind
    141. Converter
    142. Wind ×3
    143. Converter
    144. Wind ×6
    145. Converter
    146. Wind ×2

Counts are medians over the build's games: half of them build more, half fewer. The example game is PrivatePershing's (31 OS, 21/09/2026); pick another.

Team trades

IN AT LEAST 30% OF ITS GAMES

You hand over

  • Construction Bot1 Con bot to Airfirst at 2:24 · in 84% of games
  • Advanced Construction Bot5 T2 con bot to Air or Geo sea or Pondfirst at 4:50 · in 99% of games
  • Butler2 Butler to Geo sea or Beach sea or Pondfirst at 9:07 · in 42% of games

You get

  • Hercules1 Light transport from Airfirst at 4:01 · in 86% of games

How it plays out

Typical game of this build, running totals by minute

Metal produced

020k40k
0:005:0010:0015:00

metal

Enemy metal destroyed

050100
0:005:0010:0015:00

metal

Own metal lost

050100150
0:005:0010:0015:00

metal

1868 games.

Show as table
ByMetal produced: This buildEnemy metal destroyed: This buildOwn metal lost: This build
1:0038300
2:0091500
3:00165100
4:00314300
5:00484800
6:00580000
7:00722700
8:00906100
9:001116900
10:001350200
11:001623900
12:001965200
13:002344100
14:0027357074
15:003153885130
WHAT THE NUMBERS SAY

Standard Tech play barely fights at all early, instead pouring metal into T2 infrastructure and constructors for the team.

  • + Metal produced hits 31679 by 15:00, by far the highest of any role here.
  • + T2 factory reached in 97% of games by 4:15, fastest and most reliable T2 timing.
  • − Enemy metal destroyed stays at 0 through 10:00, no early offense at all.
  • − Own metal lost also near 0, showing total avoidance of combat risk.
THE EXAMPLE YOU ARE READING

PrivatePershing

31.4 OS · 21/09/2026

Open source match ↗

1 received units
1118 metal received · 94082 energy received

Allied construction assistance is unknown. Timings are observations, not a promise of solo reproducibility.

Typical milestones

Bot Lab1:18Middle 50%: 1:13–1:32 · n=1868
Advanced Bot Lab4:16Middle 50%: 4:04–4:30 · n=1861
Advanced Metal Extractor5:29Middle 50%: 5:06–5:59 · n=1864

Played most by

Amrissa93games of this buildTheGeneraI66games of this buildAdeus57games of this buildEl_Turco56games of this buildKOT_43games of this build